 Dungeon Crawl Stone Soup version 0.30-a0-870-gc5d4c5acee (webtiles) character file.

Game seed: 8508416215264533911

9726 ruwin the Zephyrmancer (level 11, -10/64 HPs)
             Began as a Deep Elf Summoner on Mar 11, 2023.
             Was an Initiate of Gozag.
             Mangled by an ice devil (20 damage)
             ... on level 2 of the Lair of Beasts.
             The game lasted 00:40:01 (12085 turns).

ruwin the Zephyrmancer (Deep Elf Summoner)         Turns: 12085, Time: 00:40:02

Health: -10/64     AC:  6    Str:  5    XL:     11   Next: 26%
Magic:  2/27       EV: 18    Int: 25    God:    Gozag
Gold:   2299       SH:  0    Dex: 21    Spells: 10/30 levels left

rFire   . . .      SeeInvis .    I - staff of air
rCold   . . .      Faith    .    (no shield)
rNeg    . . .      Spirit   .    a - +0 robe
rPois   .          Reflect  .    j - +1 helmet
rElec   +          Rampage  .    s - +0 cloak
rCorr   .                        y - +0 pair of gloves {Stlth+}
Will    +....                    (no boots)
Stlth   +++                      t - amulet of regeneration
HPRegen 1.10/turn                E - +5 ring of evasion
MPRegen 0.20/turn                m - +6 ring of dexterity

@: no status effects
A: no striking features
a: Renounce Religion, Potion Petition, Call Merchant, Bribe Branch


You were on level 2 of the Lair of Beasts.
You worshipped Gozag.
Gozag was most pleased with you.
You visited 2 branches of the dungeon, and saw 11 of its levels.
You also visited: Ossuary.

You collected 2550 gold pieces.
You spent 165 gold pieces at shops.
You paid 86 gold pieces to Gozag.

Inventory:

Missiles
 u - a throwing net
Armour
 a - a +0 robe (worn)
 j - a +1 helmet (worn)
 s - a +0 cloak (worn)
 y - a +0 pair of gloves of stealth (worn)
Magical Staves
 p - a staff of poison
 I - a staff of air (weapon)
Jewellery
 g - a ring of positive energy
 m - a +6 ring of dexterity (right hand)
 t - an amulet of regeneration (around neck)
 A - a ring of flight
 E - a +5 ring of evasion (left hand)
Wands
 z - a wand of charming (7)
 G - a wand of acid (2)
Scrolls
 c - 4 scrolls of teleportation
 d - a scroll of immolation
 i - a scroll of blinking
 r - a scroll of enchant armour
 v - a scroll of amnesia
 w - a scroll of fog
 x - 6 scrolls of identify
 B - 3 scrolls of silence
 H - a scroll of summoning {unknown}
 J - a scroll of enchant weapon {unknown}
Potions
 b - a potion of magic
 e - a potion of invisibility
 f - a potion of resistance
 h - a potion of brilliance
 k - 6 potions of heal wounds
 l - 2 potions of curing
 n - 3 potions of lignification
 o - 2 potions of might
 q - 2 potions of mutation
 C - 2 potions of haste
 D - a potion of cancellation
 F - a potion of attraction {unknown}


   Skills:
 - Level 6.0 Fighting
 - Level 2.4 Dodging
 - Level 2.4 Stealth
 - Level 10.0 Spellcasting
 + Level 6.3 Conjurations
 - Level 8.2 Summonings
 - Level 4.0 Translocations
 + Level 11.0 Air Magic


You had 10 spell levels left.
You knew the following spells:

 Your Spells              Type           Power      Damage    Failure   Level
a - Summon Small Mammal   Summ           100%       N/A       1%          1
b - Call Imp              Summ           52%        N/A       1%          2
c - Call Canine Familiar  Summ           52%        N/A       1%          3
d - Summon Lightning Spi  Summ/Air       74%        N/A       1%          4
e - Blink                 Tloc           64%        N/A       1%          2
f - Arcjolt               Conj/Air       35%        1d45      3%          5
g - Summon Guardian Gole  Hex/Summ       33%        N/A       2%          3

Your spell library contained the following spells:

 Spells                   Type           Power      Damage    Failure   Level
 Vhi's Electric Charge    Tloc/Air       100%       N/A       1%          3
 Sandblast                Erth           24%        2d8       4%          1
 Stone Arrow              Conj/Erth      56%        3d10      4%          3
 Passwall                 Tmut/Erth      10%        N/A       8%          2
 Animate Armour           Summ/Erth      66%        N/A       9%          4
 Manifold Assault         Tloc           32%        N/A       10%         4
 Sticky Flame             Conj/Fire      28%        2d5       13%         4
 Ignite Poison            Fire/Tmut/Pois 12%        N/A       14%         3
 Blade Hands              Tmut           6%         N/A       80%         5
 Iron Shot                Conj/Erth      14%        9d4       90%         6
 Maxwell's Capacitive Co  Air            39%        ∞         98%         8
 Storm Form               Tmut/Air       28%        N/A       99%         7
 Ignition                 Fire           6%         3d4       100%        8


Dungeon Overview and Level Annotations

Branches:
Dungeon (9/15)             Temple (0/1) D:6            Lair (2/5) D:9
Ossuary (visited)
  Swamp: Lair:2-3    Shoals: Lair:2-3     Snake: Lair:2-3    Spider: Lair:2-3
    Orc: D:9-12

Altars:
Ashenzari
Dithmenos
Gozag
Hepliaklqana
Nemelex Xobeh

Shops:
D:4 (   D:7 !

Annotations:
D:1 exclusion: downstairs
D:2 Terence


Message History

A blink frog comes into view.
You feel sick.
The blink frog moves out of view.
You feel sick.
You feel sick.
Your lightning spire shoots out a bolt of lightning at the ice devil!
The bolt of electricity hits the polar bear!!
The bolt of electricity hits the ice devil!
Casting: Summon Guardian Golem (dangerous; 2% risk of failure)
Confirm with . or Enter, or press ? or * to list all spells.
You blink.
A blink frog comes into view.
The blink frog gives a loud, deep croak!
You feel sick.
You hear a loud, deep croak!
The blink frog barely misses you. The blink frog completely misses you.
The polar bear bites your guardian golem but does no damage.
The polar bear claws your guardian golem but does no damage. x2
A blink frog comes into view.
You feel sick.
You feel much better.
You feel stable enough to blink again.
You feel sick. The blink frog hits you. The blink frog closely misses you.
The ice devil hits you. The ice devil freezes you!
The ice devil attacks as you move away! The ice devil hits you.
The ice devil freezes you!
* * * LOW HITPOINT WARNING * * *
The blink frog attacks as you move away!
The blink frog misses you.
You feel sick.
You are no longer poisoned.
Casting: Blink (safe; 1% risk of failure)
Confirm with . or Enter, or press ? or * to list all spells.
You feel a surge of power!
An electric hum fills the air.
Your lightning spire disappears in a puff of smoke!
The blink frog barely misses you.
A blink frog comes into view.
The ice devil hits you!
* * * LOW HITPOINT WARNING * * *
The ice devil freezes you!!
You die...
Your body crumbles into a pile of gold.

$ ....P.#......# ...
...F........#
#P.#.##...........
..............$..#
......#...FP.##.[#
......#....#..+..#
......#....#F...§#
........P<.8.F..9..#
P........P...@4hh#..##
P.#.##)#.#.......#...#
............##########
............#
...........$###
............4.#
#####..##..#......
#####..+ ##... ..P# .


You could see a polar bear, an ice devil (ally target), 4 blink frogs, a
friendly guardian golem (summoned), a friendly warg (summoned, sheltered) and a
friendly lightning spire (summoned, sheltered).

Vanquished Creatures
  A quokka (D:4)
1 creature vanquished.

Vanquished Creatures (collateral kills)
  A two-headed ogre (D:9)
  A skyshark (Lair:1)
  A wizard (D:8)
  A black mamba (Lair:1)
  4 cane toads
  2 rime drakes (Lair:1)
  A komodo dragon (Lair:1)
  An ice devil (Lair:2)
  Prince Ribbit (D:5)
  2 hornets
  5 blink frogs (Lair:1)
  Sigmund (D:3)
  A shadow (D:9)
  A steam dragon (D:8)
  4 orc warriors
  4 sky beasts
  An ogre (D:4)
  2 centaurs
  An elf zombie (D:5)
  2 kobold brigands (D:8)
  4 elf skeletons (D:5)
  2 bullfrogs
  2 gnoll sergeants
  5 scorpions
  3 wights (D:9)
  A killer bee (D:8)
  2 howler monkeys (D:8)
  7 hounds
  2 jellies
  2 gnoll boudas
  2 orc priests
  2 human skeletons (D:5)
  A sleepcap (D:8)
  3 iguanas
  Natasha (twice) (D:2)
  5 orc wizards
  A mummy (Ossuary)
  10 gnolls
  10 adders
  A shadow imp (D:8)
  5 white imps
  An ufetubus (D:5)
  A worm (D:2)
  2 dart slugs
  35 orcs
  3 spectral bats (Ossuary)
  9 endoplasms
  4 giant cockroaches
  12 gnoll zombies (Ossuary)
  4 goblins
  3 hobgoblins
  4 jackals (D:1)
  2 quokkas
  A ball python (D:4)
  2 bats (D:1)
  4 bat simulacra (Ossuary)
  2 frilled lizards
  3 goblin simulacra (Ossuary)
  4 goblin zombies (Ossuary)
  5 hobgoblin zombies (Ossuary)
  14 kobolds
  3 kobold simulacra (Ossuary)
  A kobold zombie (Ossuary)
  4 orc skeletons (D:5)
  8 orc zombies (Ossuary)
  2 rats
  8 rat simulacra (Ossuary)
  4 spectral goblins (Ossuary)
  4 spectral kobolds (Ossuary)
  4 spectral rats (Ossuary)
262 creatures vanquished.

Vanquished Creatures (others)
  A komodo dragon (Lair:1)
  10 fungi (Lair:1)
  10 plants
21 creatures vanquished.

Grand Total: 284 creatures vanquished

Notes
Turn   | Place    | Note
-------+----------+-------------------------------------------
     0 | D:1      | ruwin the Deep Elf Summoner began the quest for the Orb.
     0 | D:1      | Reached XP level 1. HP: 10/10 MP: 6/6
   416 | D:1      | Reached XP level 2. HP: 15/15 MP: 5/8
   419 | D:1      | Learned a level 2 spell: Call Imp
   486 | D:1      | Reached skill level 1 in Air Magic
  1140 | D:2      | Noticed Terence
  1219 | D:2      | Reached XP level 3. HP: 2/19 MP: 7/10
  1275 | D:2      | Learned a level 3 spell: Call Canine Familiar
  1408 | D:2      | Noticed Natasha
  1421 | D:2      | Killed Natasha
  1423 | D:2      | Reached skill level 5 in Summonings
  2190 | D:2      | Noticed Natasha
  2195 | D:2      | Killed Natasha
  2196 | D:2      | Reached skill level 2 in Air Magic
  2196 | D:2      | Reached XP level 4. HP: 24/24 MP: 2/12
  2724 | D:3      | Noticed Sigmund
  2736 | D:3      | Learned a level 4 spell: Summon Lightning Spire
  2750 | D:3      | Killed Sigmund
  2751 | D:3      | Reached skill level 5 in Spellcasting
  2751 | D:3      | Reached skill level 3 in Air Magic
  2751 | D:3      | Reached XP level 5. HP: 23/28 MP: 9/14
  2751 | D:3      | Reached XP level 6. HP: 27/32 MP: 10/16
  2881 | D:3      | Found a broken altar of Ashenzari.
  3038 | D:4      | Found a hazy altar of Hepliaklqana.
  3048 | D:4      | Found an opulent altar of Gozag.
  3284 | D:4      | Found a shadowy altar of Dithmenos.
  3296 | D:4      | Found Fuklint's Weapon Emporium.
  3329 | D:4      | Identified the amulet "Zastraze" {Faith Str+5 Int-5}
  3515 | D:4      | Became a worshipper of Gozag Ym Sagoz the Greedy
  4340 | D:4      | Reached skill level 4 in Air Magic
  4353 | D:4      | Reached XP level 7. HP: 36/36 MP: 16/18
  4810 | D:5      | Entered Level 5 of the Dungeon
  4910 | D:5      | Noticed Prince Ribbit
  4939 | D:5      | Killed Prince Ribbit
  5056 | D:5      | Reached skill level 5 in Air Magic
  5082 | D:5      | Reached XP level 8. HP: 41/41 MP: 18/21
  5132 | D:5      | Found a sand-covered staircase.
  5191 | Ossuary  | Entered an ossuary
  6567 | D:6      | Reached skill level 6 in Air Magic
  7030 | D:6      | Learned a level 2 spell: Blink
  7136 | D:6      | Found a staircase to the Ecumenical Temple.
  7147 | D:6      | Reached skill level 1 in Translocations
  7150 | D:6      | Reached skill level 1 in Fighting
  7278 | D:6      | Reached XP level 9. HP: 47/47 MP: 19/24
  7311 | D:6      | Identified a scroll of acquirement
  7311 | D:6      | Acquired 411 gold pieces
  8190 | D:7      | Found a sparkling altar of Nemelex Xobeh.
  8355 | D:7      | Found Muxteuj's Distillery.
  8363 | D:7      | Bought a potion of haste for 110 gold pieces
  8363 | D:7      | Bought a potion of heal wounds for 55 gold pieces
  8622 | D:7      | Reached skill level 7 in Air Magic
  8721 | D:8      | Noticed a wizard
  8741 | D:8      | Killed a wizard
  8742 | D:8      | Reached skill level 10 in Spellcasting
  9112 | D:8      | Reached skill level 8 in Air Magic
  9574 | D:8      | Reached XP level 10. HP: 58/58 MP: 23/26
  9953 | D:9      | Noticed a two-headed ogre
  9967 | D:9      | Killed a two-headed ogre
  9968 | D:9      | Reached skill level 5 in Fighting
 10114 | D:9      | Reached skill level 9 in Air Magic
 10507 | D:9      | Learned a level 5 spell: Arcjolt
 10726 | D:9      | Found a staircase to the Lair.
 10749 | Lair:1   | Entered Level 1 of the Lair of Beasts
 10756 | Lair:1   | Noticed a cane toad
 10798 | Lair:1   | Killed a cane toad
 10799 | Lair:1   | Reached skill level 1 in Conjurations
 10804 | Lair:1   | Noticed a black mamba
 10834 | Lair:1   | Killed a black mamba
 10993 | Lair:1   | Noticed a cane toad
 11002 | Lair:1   | Killed a cane toad
 11040 | Lair:1   | Reached skill level 10 in Air Magic
 11084 | Lair:1   | Learned a level 3 spell: Summon Guardian Golem
 11302 | Lair:1   | Reached XP level 11. HP: 64/64 MP: 12/27
 11336 | Lair:1   | Reached skill level 5 in Conjurations
 11538 | Lair:1   | Noticed a skyshark
 11544 | Lair:1   | Killed a skyshark
 12074 | Lair:2   | Reached skill level 11 in Air Magic
 12085 | Lair:2   | Mangled by an ice devil

Illustrated notes

Levels and vault maps discovered:
D:1:      dpeg_arrival_signposts, layout_basic, minmay_splitting_lines,
          glass_columns_a
D:2:      layout_basic, uniq_natasha, uniq_terence
D:3:      layout_rooms, mainiacjoe_overflow_chevrons, minmay_misc_feat_tower,
          uniq_sigmund
D:4:      nicolae_cairo_tiling_large, layout_rooms,
          nicolae_dithmenos_the_darkroom, mainiacjoe_overflow_catwalk_spiral,
          serial_shops, nicolae_shop_hallway_plus, minmay_starry_boxes
D:5:      layout_basic, nicolae_ossuary_entry_catacombs, uniq_prince_ribbit1
D:6:      layout_basic, minmay_temple_entry_trees
D:7:      layout_basic, overflow_temple_1_default, serial_shops, shop
D:8:      cheibrodos_wizards_tower, layout_basic, minmay_quadrilaterals
D:9:      layout_basic, lair_entry_dummy, grunt_ministairs_9
Lair:1:   layout_loops_ring
Lair:2:   layout_chaotic_city, minmay_swamp_entry_worms,
          minmay_snake_entry_six_corridors, portal_ice_cave_demonic_guard

Skill      XL: |  1  2  3  4  5  6  7  8  9 10 11 |
---------------+----------------------------------+-----
Air Magic      | 1 2 3 4 5 6 8 10 11 | 11.0
Spellcasting   | 4 5 6 7 9 10 | 10.0
Summonings     | 5 6 7 8 |  8.2
Translocations | 1 4 |  4.0
Fighting       | 1 4 6 |  6.0
Conjurations   | 4 6 |  6.3
Dodging        | |  2.4
Stealth        | |  2.4

Action                     |  1- 3 |  4- 6 |  7- 9 | 10-12 || total
---------------------------+-------+-------+-------+-------++-------
  Melee: Unarmed           |     1 |       |       |       ||     1
         Staff             |       |    20 |       |       ||    20
   Cast: Summon Small Mamm |    28 |     7 |    26 |     2 ||    63
         Call Imp          |    11 |     8 |    26 |    10 ||    55
         Call Canine Famil |     8 |    16 |    39 |    23 ||    86
         Summon Lightning  |       |       |    20 |    27 ||    47
         Blink             |       |       |     2 |    17 ||    19
         Summon Guardian G |       |       |       |     5 ||     5
    Use: Scroll            |     4 |     1 |    11 |     7 ||    23
         Potion            |     1 |       |       |     3 ||     4
 Armour: Robe              |     5 |    15 |    25 |       ||    45
  Dodge: Dodged            |    21 |    13 |    36 |    14 ||    84

Table legend: (Time is in decaauts)
 A = Elapsed time spent in this place.
 B = Non-inter-level travel time spent in this place.
 C = Inter-level travel time spent in this place.
 D = Time resting spent in this place.
 E = Time spent auto-exploring this place.
 F = Levels seen in this place.
 G = Mean time per level.
                   A        B        C        D        E       F      G
               +--------+--------+--------+--------+--------+-----+--------+
         Total |  12083 |  11664 |    419 |   2467 |   6651 |  12 | 1006.9 |
       Dungeon |  10084 |   9718 |    366 |   2123 |   5638 |   9 | 1120.4 |
          Lair |   1334 |   1281 |     53 |    344 |    692 |   2 |  667.0 |
       Ossuary |    664 |    664 |      0 |      0 |    321 |   1 |  664.0 |
               +--------+--------+--------+--------+--------+-----+--------+

Top non-repeatable levels by time:
     D:4: 1775 daAuts
     D:1: 1595 daAuts
  Lair:1: 1292 daAuts
     D:8: 1232 daAuts
     D:6: 1150 daAuts
     D:7: 1043 daAuts
     D:5: 963 daAuts
     D:9: 880 daAuts
     D:2: 875 daAuts
 Ossuary: 664 daAuts
     D:3: 566 daAuts
  Lair:2: 41 daAuts
